AoeStats
← Pwncakes

Lombardia

509198855Analyzed
4v4 RM · 6d ago on Sep 25, 2026· 42m 4s· 8 players
Game mode
Random Map
Map size
Large (8 player)
Population
200
Speed
Normal
Resources
Standard
Victory
Conquest
Starting age
Dark Age
Ending age
Imperial Age
RankedLock teamsTeams togetherTeam positionsShared explorationLock speedFull tech treeHidden civsTurbo modeCheats
Victory
Defeat
🇵🇹 Magyars · Portugal
1614
+11
🇵🇹 Persians · Portugal
1579
+13
🇵🇹 Mongols · Portugal
1528
+15
🇵🇹 Varangians · Portugal
1528
+15
🇩🇪 Turks · Germany
1598
-18
🇺🇸 Poles · United States
1481
-12
🇺🇸 Varangians · United States
1472
-12
🇲🇽 Khmer · Mexico
1468
-12
Brisingr
10:36 Feudal Age
14:10 Castle Age
12:02 Double-Bit Axe
12:17 Horse Collar
17:00 Bow Saw
20:44 Wheelbarrow
22:20 Hand Cart
22:23 Fletching
23:45 Gold Mining
25:23 Gold Shaft Mining
25:55 Bodkin Arrow
30:01 Imperial Age
28:38 Padded Archer Armor
28:48 Thumb Ring
30:30 Leather Archer Armor
30:40 Ballistics
30:33 Loom
31:03 Bracer
32:07 Two-Man Saw
30:29 Heavy Cavalry Archer
31:43 Ring Archer Armor
31:37 Scale Barding Armor
31:31 Town Watch
32:54 Chemistry
32:12 Siege Engineers
32:30 Husbandry
33:29 Masonry
35:03 Chain Barding Armor
34:54 Bloodlines
35:06 Heavy Plow
36:54 Plate Barding Armor
36:17 Light Cavalry
38:17 Caravan
38:58 Conscription
40:11 Corvinian Army
40:46 Hoardings
oSetinhas
7:50 Feudal Age
9:39 Horse Collar
10:05 Double-Bit Axe
13:38 Wheelbarrow
17:34 Castle Age
16:48 Gold Mining
18:45 Heavy Plow
18:56 Bow Saw
19:50 Stone Mining
21:33 Loom
22:27 Stone Shaft Mining
22:27 Gold Shaft Mining
24:07 Hand Cart
28:00 Town Watch
31:25 Imperial Age
29:25 Thumb Ring
30:49 Fortified Wall
31:10 Bloodlines
31:01 Husbandry
31:47 Fletching
32:18 Ballistics
33:13 Chemistry
32:54 Conscription
33:55 Parthian Tactics
34:34 Elite Mangudai
35:29 Padded Archer Armor
35:35 Bodkin Arrow
36:26 Bracer
36:41 Padded Archer Armor
38:04 Leather Archer Armor
38:03 Light Cavalry
38:43 Husbandry
40:07 Scale Barding Armor
40:14 Hussar
Dufon
11:31 Feudal Age
12:59 Horse Collar
16:31 Castle Age
14:23 Double-Bit Axe
17:42 Bow Saw
17:36 Heavy Plow
23:01 Wheelbarrow
25:24 Stone Mining
25:26 Gold Mining
26:29 Hand Cart
26:00 Loom
26:00 Town Watch
28:17 Gold Shaft Mining
28:25 Scale Barding Armor
28:42 Forging
29:24 Stone Shaft Mining
32:16 Imperial Age
31:08 Chain Barding Armor
31:23 Iron Casting
31:03 Caravan
31:22 Kamandaran
31:52 Bloodlines
31:42 Husbandry
32:04 Cavalier
33:23 Plate Barding Armor
33:13 Guilds
33:33 Coinage
34:38 Blast Furnace
34:32 Savar
34:57 Light Cavalry
36:51 Conscription
39:37 Hussar
41:34 Crop Rotation
40:41 Capped Ram
41:39 Siege Ram
Savitar_pt
10:52 Feudal Age
14:48 Castle Age
12:48 Double-Bit Axe
12:49 Horse Collar
15:55 Bow Saw
15:48 Heavy Plow
20:33 Loom
23:30 Wheelbarrow
23:01 Gold Mining
29:03 Imperial Age
27:46 Hand Cart
28:00 Bloodlines
27:50 Husbandry
27:13 Vendel Legacy
28:22 Scale Barding Armor
29:32 Stone Mining
29:22 Cavalier
30:28 Chain Barding Armor
30:45 Conscription
32:14 Plate Barding Armor
37:10 Forging
40:43 Iron Casting
41:40 Light Cavalry
Pwncakes
10:23 Feudal Age
10:48 Double-Bit Axe
10:44 Horse Collar
13:09 Bloodlines
13:55 Town Watch
19:42 Castle Age
19:26 Scale Barding Armor
19:33 Forging
19:33 Gold Mining
19:37 Stone Mining
19:41 Gold Mining
21:03 Bow Saw
22:15 Wheelbarrow
21:56 Loom
22:14 Light Cavalry
22:54 Husbandry
23:15 Chain Barding Armor
23:31 Iron Casting
23:37 Stone Mining
24:18 Heavy Plow
28:38 Hand Cart
28:45 Szlachta Privileges
33:24 Imperial Age
33:31 Cavalier
35:12 Blast Furnace
35:52 Conscription
35:32 Winged Hussar
36:41 Lechitic Legacy
39:12 Caravan
39:41 Town Patrol
thefacelessz12
3:08 Loom
12:38 Feudal Age
16:18 Castle Age
14:46 Double-Bit Axe
15:51 Stone Mining
18:47 Horse Collar
19:22 Bow Saw
25:33 Fervor
25:44 Caravan
32:07 Imperial Age
31:04 Wheelbarrow
30:15 Town Watch
30:23 Gold Mining
30:34 Heavy Plow
31:44 Ballistics
30:57 Pikeman
32:13 Halberdier
33:34 Double Crossbow
33:10 Heavy Scorpion
34:11 Forging
34:32 Scale Mail Armor
34:19 Capped Ram
35:32 Siege Engineers
36:15 Chain Mail Armor
37:14 Iron Casting
39:22 Blast Furnace
38:50 Hand Cart
39:09 Coinage
39:25 Gold Shaft Mining
39:21 Crop Rotation
41:08 Fortified Wall
40:33 Siege Ram
Rabe3000
7:23 Loom
9:59 Feudal Age
12:35 Bloodlines
15:11 Wheelbarrow
15:11 Double-Bit Axe
19:43 Castle Age
20:46 Bow Saw
20:48 Husbandry
23:36 Hand Cart
23:25 Horse Collar
33:00 Imperial Age
34:32 Elite Jarl
36:14 Scale Barding Armor
36:20 Forging
38:17 Conscription
38:19 Heavy Plow
38:44 Chain Barding Armor
38:59 Iron Casting
42:22 Plate Barding Armor
42:48 Blast Furnace
DoubleZX
10:43 Feudal Age
14:22 Castle Age
12:30 Double-Bit Axe
12:47 Horse Collar
15:24 Bow Saw
15:59 Wheelbarrow
16:00 Heavy Plow
20:40 Gold Mining
27:08 Imperial Age
24:25 Loom
25:41 Ballistics
26:21 Gold Shaft Mining
26:02 Fletching
26:13 Padded Archer Armor
26:12 Stone Mining
26:43 Caravan
26:52 Town Watch
27:23 Bloodlines
27:50 Hand Cart
28:14 Heavy Cavalry Archer
30:14 Two-Man Saw
29:37 Thumb Ring
30:15 Parthian Tactics
30:25 Conscription
30:16 Bodkin Arrow
30:24 Husbandry
31:04 Sipahi
31:09 Leather Archer Armor
31:33 Bracer
32:45 Ring Archer Armor
34:22 Bombard Tower
35:27 Artillery
35:47 Scale Barding Armor
35:52 Forging
36:41 Treadmill Crane
37:11 Masonry
Connection lost

Rejoining the realm…

Still unreachable

The connection could not be restored.

Session expired

The server has moved on; the page needs a fresh start.